 Dungeon Crawl Stone Soup version 0.29-a0-643-ga013cefcf8 (webtiles) character file.

Game seed: 18438044286112449267

1480 YayAnonymity the Grappler (level 8, -3/66 HPs)
             Began as a Ghoul Monk on June 20, 2022.
             Engulfed by a steam dragon's steam (5 damage)
             ... on level 6 of the Dungeon.
             The game lasted 00:09:31 (6843 turns).

YayAnonymity the Grappler (Ghoul Monk)              Turns: 6843, Time: 00:09:32

Health: -3/66      AC: 15    Str: 17    XL:     8   Next: 79%
Magic:  7/7        EV:  6    Int:  5    God:
Gold:   195        SH:  8    Dex: 11    Spells: 7/7 levels left

rFire   . . .      SeeInvis .     - Unarmed
rCold   + + .      Faith    .   m - +0 kite shield
rNeg    + + +      Spirit   .   i - +0 chain mail
rPois   ∞          Reflect  .   h - +0 helmet
rElec   .          Harm     .   k - +1 cloak {Will+}
rCorr   .          Rampage  .   (no gloves)
Will    +....                   d - +1 pair of boots {Fly}
Stlth   ..........              s - amulet of the acrobat
HPRegen 0.00/turn               v - ring of protection from cold
MPRegen 0.10/turn               (no ring)

@: flying, inhibited regen
A: claws 1, cold resistance 1, negative energy resistance 3, inhibited
regeneration, torment resistance 2, devour on kill
a: no special abilities


You were on level 6 of the Dungeon.
You visited 1 branch of the dungeon, and saw 6 of its levels.

You collected 195 gold pieces.

Inventory:

Missiles
 g - 6 poisoned darts (quivered)
Armour
 d - a +1 pair of boots of flying (worn)
 h - a +0 helmet (worn)
 i - a +0 chain mail (worn)
 k - a +1 cloak of willpower (worn)
 m - a +0 kite shield (worn)
Jewellery
 s - an amulet of the acrobat (around neck)
 v - a ring of protection from cold (left claw)
Wands
 t - a wand of polymorph (7)
Scrolls
 c - a scroll of summoning
 l - 2 scrolls of teleportation
 q - a scroll of fog
 u - 2 scrolls of fear
Potions
 a - a potion of invisibility {unknown}
 b - 2 potions of might
 e - 3 potions of curing
 f - a potion of heal wounds
 j - a potion of cancellation
 o - a potion of ambrosia
 p - a potion of flight {unknown}


   Skills:
 - Level 4.0 Fighting
 + Level 4.3 Armour
 - Level 4.0 Dodging
 - Level 2.1 Stealth
 - Level 4.0 Shields
 * Level 8.6 Unarmed Combat


You had 7 spell levels left.
You didn't know any spells.
Your spell library contained the following spells:

 Spells                   Type           Power      Damage    Failure   Level
 Magic Dart               Conj           0%         1d3       100%        1
 Summon Small Mammal      Summ           0%         N/A       100%        1
 Searing Ray              Conj           0%         2d4       100%        2
 Call Canine Familiar     Summ           0%         N/A       100%        3
 Summon Guardian Golem    Hex/Summ       0%         N/A       100%        3
 Fulminant Prism          Conj/Hex       0%         3d6       100%        4
 Freezing Cloud           Conj/Ice/Air   0%         6-21      100%        5
 Simulacrum               Ice/Necr       0%         N/A       100%        6
 Polar Vortex             Ice            0%         N/A       100%        9


Dungeon Overview and Level Annotations

Branches:
Dungeon (6/15)
 Temple: D:4-7

Altars:
Elyvilon
Qazlal
Vehumet
Wu Jian
Zin
The Shining One

Shops:
D:4 [

Annotations:
D:4 exclusion: statue


Innate Abilities, Weirdness & Mutations

You are immune to poison.
You have sharp fingernails.
Your flesh is cold resistant. (rC+)
You are immune to negative energy. (rN+++)
You do not regenerate when monsters are visible.
You are immune to unholy pain and torment.
You thrive by killing the living.


Message History

You are engulfed in a cloud of scalding steam.
The steam dragon bites you but does no damage.
The steam dragon claws you.
You are too injured to fight recklessly!
You are too injured to fight recklessly!
You are too injured to fight recklessly!
You scratch the steam dragon.
The steam dragon is lightly wounded.
The steam dragon breathes steam at you. The ball of steam hits you.
You scratch the steam dragon but do no damage.
The steam dragon is lightly wounded.
You are engulfed in a cloud of scalding steam.
The steam dragon bites you. The steam dragon barely misses you.
You scratch the steam dragon.
The steam dragon is moderately wounded.
You are engulfed in a cloud of scalding steam.
The steam dragon bites you. You block the steam dragon's attack.
You scratch the steam dragon.
The steam dragon is moderately wounded.
You are engulfed in a cloud of scalding steam.
* * * LOW HITPOINT WARNING * * *
The steam dragon bites you but does no damage.
The steam dragon barely misses you.
A kobold comes into view. It is wielding a +0 dagger.
You claw the steam dragon!
The steam dragon is heavily wounded.
The steam dragon bites you but does no damage.
The steam dragon claws you but does no damage.
The kobold throws a stone.
You block the stone.
You scratch the steam dragon but do no damage.
The steam dragon is heavily wounded.
The steam dragon breathes steam at you. The ball of steam hits you!
* * * LOW HITPOINT WARNING * * *
You hear a shout!
You closely miss the steam dragon.
The steam dragon is heavily wounded.
You are engulfed in a cloud of scalding steam.
You die...

#.... #.##..# ##
#.#.# #.##..# ..
#.#.# #.##..# ..^
#.#.# #.##..###...
#.#.# #..)..).....
#.#.###.##...<....
#§......###.#.##..
#§.K..### #<#.#
#@###.# #.#.# #D#
#... ..#.# #.#
#.### ..... #..
..# .##### #.# ###
. #.# #.# ...


You could see a steam dragon (catching breath) and a kobold.

Vanquished Creatures
  Grinder (D:3)
  A black bear (D:5)
  2 ogres
  A centaur (D:5)
  A kobold brigand (D:5)
  A scorpion (D:5)
  A necrophage (D:5)
  A howler monkey (D:6)
  2 hounds
  Crazy Yiuf (D:2)
  2 jellies (D:5)
  5 orc priests
  Jessica (D:2)
  4 iguanas
  2 orc wizards
  Robin (D:2)
  4 gnolls (D:4)
  7 adders
  2 worms (D:3)
  4 dart slugs
  21 orcs
  14 endoplasms
  2 giant cockroaches
  18 goblins
  8 hobgoblins
  4 jackals (D:1)
  18 kobolds
  2 quokkas
  3 ball pythons
  3 bats
  4 frilled lizards
  4 rats
  A bush (D:1)
146 creatures vanquished.

Notes
Turn   | Place    | Note
-------+----------+-------------------------------------------
     0 | D:1      | YayAnonymity the Ghoul Monk began the quest for the Orb.
     0 | D:1      | Reached XP level 1. HP: 19/19 MP: 0/0
   271 | D:1      | Reached XP level 2. HP: 21/26 MP: 1/1
  1151 | D:2      | Reached XP level 3. HP: 27/31 MP: 2/2
  1219 | D:2      | Reached skill level 4 in Unarmed Combat
  1399 | D:2      | Found a faded altar of an unknown god.
  1525 | D:2      | Reached XP level 4. HP: 40/40 MP: 3/3
  1709 | D:2      | Noticed Jessica
  1716 | D:2      | Killed Jessica
  1723 | D:2      | Found a runed translucent door.
  1724 | D:2      | Noticed Crazy Yiuf
  1766 | D:3      | Reached skill level 1 in Shields
  1812 | D:3      | Reached skill level 1 in Armour
  1812 | D:3      | Reached XP level 5. HP: 24/46 MP: 4/4
  2106 | D:3      | Noticed Grinder
  2109 | D:3      | Paralysed by Grinder for 2 turns
  2138 | D:3      | Paralysed by Grinder for 3 turns
  2277 | D:3      | Paralysed by Grinder for 4 turns
  2286 | D:3      | Paralysed by Grinder for 3 turns
  2293 | D:3      | Reached skill level 5 in Unarmed Combat
  2296 | D:3      | HP: 1/46 [Grinder (3)]
  2300 | D:3      | Paralysed by Grinder for 2 turns
  2306 | D:3      | Killed Grinder
  2307 | D:3      | Reached XP level 6. HP: 23/52 MP: 5/5
  2695 | D:3      | Found an ornate altar of the Wu Jian Council.
  2852 | D:3      | Reached XP level 7. HP: 43/59 MP: 6/6
  2993 | D:3      | Found a stormy altar of Qazlal.
  3181 | D:3      | Reached skill level 6 in Unarmed Combat
  3195 | D:2      | Noticed Robin
  3224 | D:2      | Killed Robin
  3593 | D:2      | Killed Crazy Yiuf
  4094 | D:4      | Found a radiant altar of Vehumet.
  4127 | D:5      | Entered Level 5 of the Dungeon
  4430 | D:5      | Reached skill level 7 in Unarmed Combat
  4681 | D:5      | Reached XP level 8. HP: 63/66 MP: 7/7
  5610 | D:4      | Found Laokaonn's Antique Armour Shoppe.
  5731 | D:4      | Reached skill level 8 in Unarmed Combat
  6586 | D:5      | HP: 3/66 [kobold/+0 short sword (3)]
  6842 | D:6      | HP: 2/66 [steam dragon/ball of steam (10)]
  6843 | D:6      | Engulfed by a steam dragon's steam

Illustrated notes

Levels and vault maps discovered:
D:1:      dpeg_arrival_snail, layout_rooms, serial_forest,
          infiniplex_forest_straight_5, infiniplex_forest_3_way,
          infiniplex_forest_end_double, infiniplex_forest_clump_double,
          infiniplex_forest_clump_C, infiniplex_forest_lined_corner,
          infiniplex_forest_end_3, infiniplex_forest_straight_3
D:2:      layout_loops_ring, shapermc_ecumenical_altar_venn,
          minmay_split_cup_small, uniq_crazy_yiuf_cottage, uniq_jessica,
          uniq_robin
D:3:      minmay_diamond_boxcup, layout_basic, nzn_wu_jian_contemplation,
          mainiacjoe_overflow_paths, uniq_grinder
D:4:      layout_cave_pods, vehumet_statue, serial_shops, shop
D:5:      layout_basic, good_gods_mini_temple
D:6:      layout_loops_ring, old_standard_altar, bloody_trog

Skill      XL: |  1  2  3  4  5  6  7  8 |
---------------+-------------------------+-----
Dodging        | 3 4 |  4.0
Unarmed Combat | 4 5 7 8 |  8.6
Fighting       | 4 |  4.0
Shields        | 1 2 3 4 |  4.0
Armour         | 1 2 3 4 |  4.3
Stealth        | |  2.1

Action                   |  1- 3 |  4- 6 |  7- 9 || total
-------------------------+-------+-------+-------++-------
Melee: Unarmed           |   214 |   149 |   304 ||   667
       Punch             |     6 |       |       ||     6
  Use: Scroll            |       |     4 |    11 ||    15
       Potion            |       |     2 |     1 ||     3
 Stab: Sleeping          |     1 |       |       ||     1
Armor: Leather armour    |    13 |       |       ||    13
       Ring mail         |    25 |    53 |    46 ||   124
       Chain mail        |       |       |   138 ||   138
Dodge: Dodged            |    49 |    71 |   112 ||   232
Block: Kite shield       |    28 |    53 |   153 ||   234

Table legend: (Time is in decaauts)
 A = Elapsed time spent in this place.
 B = Non-inter-level travel time spent in this place.
 C = Inter-level travel time spent in this place.
 D = Time resting spent in this place.
 E = Time spent auto-exploring this place.
 F = Levels seen in this place.
 G = Mean time per level.
                   A        B        C        D        E       F      G
               +--------+--------+--------+--------+--------+-----+--------+
         Total |   6871 |   6567 |    304 |    402 |   4743 |   6 | 1145.2 |
       Dungeon |   6871 |   6567 |    304 |    402 |   4743 |   6 | 1145.2 |
               +--------+--------+--------+--------+--------+-----+--------+

Top non-repeatable levels by time:
     D:5: 1715 daAuts
     D:3: 1600 daAuts
     D:4: 1220 daAuts
     D:2: 1134 daAuts
     D:1: 1127 daAuts
     D:6: 74 daAuts
